 Dungeon Crawl Stone Soup version 0.29-a0-911-g88e6f02907 (webtiles) character file.

Game seed: 12604565385932178209

23 lesaewzxc the Caller (level 3, 0/19 HPs)
             Began as a Kobold Summoner on July 25, 2022.
             Slain by a quokka (4 damage)
             ... on level 1 of the Dungeon.
             The game lasted 00:06:21 (734 turns).

lesaewzxc the Caller (Kobold Summoner)               Turns: 734, Time: 00:06:22

Health: 0/19       AC:  2    Str:  5    XL:     3   Next: 10%
Magic:  1/6        EV: 15    Int: 16    God:
Gold:   30         SH:  0    Dex: 17    Spells: 5/6 levels left

rFire   . . .      SeeInvis .   (weapon restricted)
rCold   . . .      Faith    .   (no shield)
rNeg    . . .      Spirit   .   a - +0 robe
rPois   .          Reflect  .   (no helmet)
rElec   .          Harm     .   (no cloak)
rCorr   .          Rampage  .   (no gloves)
Will    .....                   (no boots)
Stlth   +++.......              (no amulet)
HPRegen 0.06/turn               (no ring)
MPRegen 0.10/turn               (no ring)

@: no status effects
A: small, no large weapons, nightstalker 3
a: no special abilities


You were on level 1 of the Dungeon.
You visited 1 branch of the dungeon, and saw 1 of its levels.

You collected 30 gold pieces.

Inventory:

Armour
 a - a +0 robe (worn)
Scrolls
 c - a scroll of teleportation {unknown}
 d - 3 scrolls of identify {unknown}
Potions
 e - a potion of flight {unknown}


   Skills:
 * Level 3.1 Dodging
 + Level 3.1 Stealth
 + Level 2.3 Spellcasting
 * Level 4.2 Summonings
 + Level 0.1 Translocations


You had 5 spell levels left.
You knew the following spells:

 Your Spells              Type           Power      Damage    Failure   Level
a - Summon Small Mammal   Summ           60%        N/A       3%          1

Your spell library contained the following spells:

 Spells                   Type           Power      Damage    Failure   Level
 Call Imp                 Summ           15%        N/A       5%          2
 Call Canine Familiar     Summ           15%        N/A       11%         3
 Summon Guardian Golem    Hex/Summ       8%         N/A       26%         3
 Gell's Gravitas          Tloc           2%         N/A       50%         3
 Teleport Other           Tloc           2%         N/A       50%         3
 Summon Lightning Spire   Summ/Air       8%         N/A       63%         4
 Dispersal                Tloc           1%         N/A       100%        6


Dungeon Overview and Level Annotations

Branches:
Dungeon (1/15)

Altars:


Innate Abilities, Weirdness & Mutations

You are small and have problems with some larger weapons.
You are completely attuned to the shadows.


Message History

Your rat dies!
Your rat's corpse disappears in a puff of smoke!
Casting: Summon Small Mammal (safe; 3% risk of failure)
Press: ? - help, Q - select action Dir - look around, f - activate The quokka bites your rat.
Your rat dies!
Your rat's corpse disappears in a puff of smoke!
Casting: Summon Small Mammal (safe; 3% risk of failure)
Press: ? - help, Q - select action Dir - look around, f - activate The quokka barely misses you.
Your rat bites the quokka.
Your rat barely misses the quokka.
The quokka attacks as you move away! The quokka barely misses you.
Your rat barely misses the quokka.
Casting: Summon Small Mammal (safe; 3% risk of failure)
Press: ? - help, Q - select action Dir - look around, f - activate The quokka misses you.
Your rat bites the quokka but does no damage.
You hit the quokka but do no damage.
The quokka is severely wounded.
The quokka bites you. The quokka closely misses you.
Your rat bites the quokka but does no damage.
The goblin misses you.
Your rat barely misses the goblin.
You barely miss the quokka.
The quokka is severely wounded.
The quokka misses you.
Your rat bites the quokka.
The goblin misses you.
Your rat bites the goblin.
The goblin dies!
You barely miss the quokka.
The quokka is almost dead.
The quokka bites you.
* * * LOW HITPOINT WARNING * * *
Your rat closely misses the quokka.
Your rat misses the quokka. You closely miss the quokka.
The quokka is almost dead.
The quokka closely misses you.
Your rat closely misses the quokka.
Your rat barely misses the quokka.
You miss the quokka.
The quokka is almost dead.
The quokka bites you.
You die...

###########
#.........#
#†........#
#.........#
#......@..# #
######.r)##
### ##rr####
..# #.....#
#.### #.###.#
#...### #.#
#.## ###...##
#.# #..#
###..### #.#
##.###########
##...### #†#
##.....##.....


You could see a quokka (ally target) and 2 friendly rats.

Vanquished Creatures
  An endoplasm (D:1)
1 creature vanquished.

Vanquished Creatures (collateral kills)
  4 endoplasms (D:1)
  A giant cockroach (D:1)
  2 hobgoblins (D:1)
  4 quokkas (D:1)
  A bat (D:1)
  A frilled lizard (D:1)
  2 goblins (D:1)
  3 kobolds (D:1)
18 creatures vanquished.

Grand Total: 19 creatures vanquished

Notes
Turn   | Place    | Note
-------+----------+-------------------------------------------
     0 | D:1      | lesaewzxc the Kobold Summoner began the quest for the Orb.
     0 | D:1      | Reached XP level 1. HP: 10/10 MP: 3/3
   154 | D:1      | Reached XP level 2. HP: 3/15 MP: 3/5
   677 | D:1      | Reached XP level 3. HP: 11/19 MP: 1/6
   734 | D:1      | Slain by a quokka

Illustrated notes

Levels and vault maps discovered:
D:1:      wander_arrival_peaceful_grave, layout_rooms,
          ebering_ecumenical_altar_hall

Skill      XL: |  1  2 |
---------------+-------+-----
Stealth        | 3 |  3.1
Dodging        | 3 |  3.1
Spellcasting   | |  2.3
Summonings     | |  4.2
Translocations | |  0.1

Action                   || total
-------------------------++-------
Melee: Unarmed           ||    30
 Cast: Summon Small Mamm ||    43
  Use: Potion            ||     1
 Stab: Sleeping          ||     1
Armor: Robe              ||     9
Dodge: Dodged            ||    49

Table legend: (Time is in decaauts)
 A = Elapsed time spent in this place.
 B = Non-inter-level travel time spent in this place.
 C = Inter-level travel time spent in this place.
 D = Time resting spent in this place.
 E = Time spent auto-exploring this place.
 F = Levels seen in this place.
 G = Mean time per level.
                   A        B        C        D        E       F      G
               +--------+--------+--------+--------+--------+-----+--------+
         Total |    734 |    728 |      6 |      0 |     71 |   1 |  734.0 |
       Dungeon |    734 |    728 |      6 |      0 |     71 |   1 |  734.0 |
               +--------+--------+--------+--------+--------+-----+--------+

Top non-repeatable levels by time:
     D:1: 734 daAuts
